 Dungeon Sprint DCSS version 0.31-a0-18-gea43df2a32 (webtiles) character file.

Game seed: 11903057877969899459

1736 sircluck the Grappler (level 8, -2/93 HPs)
             Began as a Troll Berserker on May 10, 2023.
             Was an Elder of Trog.
             Slain by a deep troll (14 damage)
             ... in the Dungeon (Sprint I: "Red Sonja").
             The game lasted 00:01:55 (391 turns).

sircluck the Grappler (Troll Berserker)              Turns: 391, Time: 00:01:55

Health: -2/93      AC:  4    Str: 28    XL:     8   Next: 76%
Magic:  7/7        EV: 12    Int:  3    God:    Trog [****..]
Gold:   652        SH:  0    Dex:  9    Spells: 7/7 levels left

rFire   . .          .
                       - Unarmed
rCold   . . .        (no shield)
rNeg    . . .        a - +0 animal skin
rPois   .            (helmet restricted)
rElec   .            (no cloak)
rCorr   .            (gloves unavailable)
SInv    .            (boots unavailable)
Will    .....        (no amulet)
Stlth   +            (no ring)
HPRegen 1.15/turn    (no ring)
MPRegen 0.10/turn

%: no teleportation
@: on berserk cooldown, slowed, very slow
A: large, unfitting armour, claws 3, regeneration 1, shaggy fur 1, tough skin 1
a: Renounce Religion, Berserk, Trog's Hand, Brothers in Arms


You were in the Dungeon.
You worshipped Trog.
Trog was greatly pleased with you.
You visited 1 branch You collected 702 gold pieces.
You spent 50 gold pieces at shops.

Inventory:

Missiles
 j - 5 curare-tipped darts (quivered)
 l - 10 stones
Armour
 a - a +0 animal skin (worn)
Jewellery
 i - a +6 ring of intelligence
Wands
 h - a wand of mindburst (8)
 k - a wand of light (7)
Scrolls
 g - a scroll of blinking
Potions
 b - 4 potions of curing
 c - a potion of heal wounds
 d - a potion of haste
 e - 2 potions of magic
 f - a potion of berserk rage


   Skills:
 + Level 9.8 Fighting
 + Level 9.1 Dodging
 + Level 13.0 Unarmed Combat


You had 7 spell levels left.
You didn't know any spells.
Your spell library was empty.

Dungeon Overview and Level Annotations

Branches:
Dungeon (1/1)

Altars:
Cheibriados
Dithmenos
Elyvilon
Fedhas
Gozag
Hepliaklqana
Kikubaaqudgha
Makhleb
Nemelex Xobeh
Okawaru
Qazlal
Ru
Sif Muna
Trog
Uskayaw
Vehumet
Wu Jian
Xom
Yredelemnul
Zin
The Shining One
Jiyva
Lugonu

Shops:
D !


Innate Abilities, Weirdness & Mutations

You are too large for most types of armour.
You have claws for hands.
Your natural rate of healing is unusually fast.
You are covered in fur. (AC +1)
You have tough skin. (AC +1)


Message History

The deep troll is lightly wounded.
The deep troll bites you but does no damage.
The deep troll barely misses you.
The deep troll claws you but does no damage.
A red film seems to cover your vision as you go berserk!
You feel yourself moving faster!
You feel mighty! The deep troll bites you. The deep troll closely misses you.
The deep troll barely misses you.
You closely miss the deep troll.
The deep troll is lightly wounded.
The deep troll bites you!!
* * * LOW HITPOINT WARNING * * *
The deep troll claws you but does no damage.
The deep troll barely misses you.
You scratch the deep troll.
The deep troll is moderately wounded.
You closely miss the deep troll.
The deep troll is moderately wounded.
The deep troll bites you!!
* * * LOW HITPOINT WARNING * * *
The deep troll claws you but does no damage.
The deep troll claws you!
* * * LOW HITPOINT WARNING * * *
You feel a strong urge to attack something.
You feel your anger nearly subside.
You are no longer berserk.
You are exhausted.
You feel yourself slow down.
There is an open door here.
You fail to use your ability.
Okay, then.
You feel much better. The deep troll bites you. The deep troll claws you.
* * * LOW HITPOINT WARNING * * *
The deep troll misses you.
Aiming: Bolt of Light
Press: ? - help, Q - select action, (/) - cycle Shift-Dir - straight line, f - deep troll
Aim: a deep troll (lightly wounded, 71% to hit)
The bolt of light misses the deep troll.
The deep troll bites you!
* * * LOW HITPOINT WARNING * * *
The deep troll claws you!
You die...

#..#####'#####'#__####§§.+
#..####..#...#)#### ####
#..#__####..##)#
#..#_____##'#_.+
#⌠⌠#_.∩...'..._#
####_..__##_.#'#
#_____###'#.#
#########.####+###
.......@T..'$$.$$+
++++####...####### ###.###
#.#'#.# #.....# #.....#
#######


You could see a deep troll.

Vanquished Creatures
  Sonja (D)
  2 kobold demonologists (D)
  A slime creature (D)
  Sigmund (D)
  A yak (D)
  A floating eye (D)
  An ogre (D)
  A jelly (D)
  Ijyb (D)
10 creatures vanquished.

Vanquished Creatures (others)
  2 ballistomycete spores (D)
2 creatures vanquished.

Grand Total: 12 creatures vanquished

Notes
Turn   | Place    | Note
-------+----------+-------------------------------------------
     0 | D        | sircluck the Troll Berserker began the quest for the Orb.
     0 | D        | Reached XP level 1. HP: 22/22 MP: 0/0
     1 | D        | Noticed Ijyb
     8 | D        | Killed Ijyb
     9 | D        | Reached skill level 4 in Unarmed Combat
     9 | D        | Reached XP level 2. HP: 31/31 MP: 1/1
    63 | D        | Noticed an ogre
    67 | D        | Killed an ogre
    68 | D        | Reached skill level 5 in Fighting
    68 | D        | Reached skill level 6 in Unarmed Combat
    68 | D        | Reached XP level 3. HP: 24/42 MP: 2/2
    68 | D        | Reached XP level 4. HP: 28/50 MP: 3/3
    99 | D        | Noticed Sigmund
   106 | D        | Killed Sigmund
   106 | D        | Reached ** piety under Trog
   107 | D        | Reached skill level 8 in Unarmed Combat
   107 | D        | Reached XP level 5. HP: 61/61 MP: 4/4
   107 | D        | Reached XP level 6. HP: 68/68 MP: 5/5
   172 | D        | Found an ornate altar of the Wu Jian Council.
   172 | D        | Found a shimmering blue altar of Sif Muna.
   174 | D        | Found a radiant altar of Vehumet.
   188 | D        | Found Bepyfam's Distillery.
   188 | D        | Found an ancient bone altar of Kikubaaqudgha.
   188 | D        | Found a hazy altar of Hepliaklqana.
   188 | D        | Found a stormy altar of Qazlal.
   188 | D        | Found a hide-covered altar of Uskayaw.
   188 | D        | Found a blossoming altar of Fedhas.
   188 | D        | Found a bloodstained altar of Trog.
   188 | D        | Found an iron altar of Okawaru.
   188 | D        | Found a basalt altar of Yredelemnul.
   188 | D        | Found a glowing golden altar of the Shining One.
   188 | D        | Found a snail-covered altar of Cheibriados.
   188 | D        | Found a sacrificial altar of Ru.
   188 | D        | Found a glowing silver altar of Zin.
   188 | D        | Found a shadowy altar of Dithmenos.
   188 | D        | Found a white marble altar of Elyvilon.
   188 | D        | Noticed a yak
   193 | D        | Killed a yak
   194 | D        | Reached skill level 9 in Unarmed Combat
   194 | D        | Found an opulent altar of Gozag.
   195 | D        | Found a sparkling altar of Nemelex Xobeh.
   223 | D        | Bought a potion of heal wounds for 50 gold pieces
   234 | D        | Found a burning altar of Makhleb.
   234 | D        | Found a viscous altar of Jiyva.
   234 | D        | Found a shimmering altar of Xom.
   234 | D        | Found a corrupted altar of Lugonu.
   234 | D        | Noticed a slime creature
   240 | D        | Killed a slime creature
   241 | D        | Reached skill level 10 in Unarmed Combat
   241 | D        | Reached XP level 7. HP: 53/80 MP: 6/6
   277 | D        | Noticed a kobold demonologist
   277 | D        | Noticed a kobold demonologist
   279 | D        | Noticed a soul eater
   279 | D        | Reached *** piety under Trog
   280 | D        | Noticed a ynoxinul
   281 | D        | Noticed a red devil
   283 | D        | Killed a kobold demonologist
   284 | D        | Reached skill level 11 in Unarmed Combat
   288 | D        | Killed a kobold demonologist
   288 | D        | Reached **** piety under Trog
   289 | D        | Reached skill level 12 in Unarmed Combat
   289 | D        | Reached XP level 8. HP: 75/92 MP: 7/7
   301 | D        | Noticed Sonja
   303 | D        | Killed Sonja
   304 | D        | Reached skill level 13 in Unarmed Combat
   375 | D        | Noticed a deep troll
   384 | D        | HP: 3/139 [deep troll (15)]
   391 | D        | Slain by a deep troll

Illustrated notes

Levels and vault maps discovered:
D:        dungeon_sprint_1 [red_sonja_temple_1, red_sonja_temple_small_1]

Skill      XL: |  1  2  3  4  5  6  7  8 |
---------------+-------------------------+-----
Fighting       | 3 5 6 8 9 |  9.8
Dodging        | 3 4 6 7 8 9 |  9.1
Unarmed Combat | 4 6 8 10 12 13 | 13.0

Action                     |  1- 3 |  4- 6 |  7- 9 || total
---------------------------+-------+-------+-------++-------
  Melee: Unarmed           |     6 |    15 |    18 ||    39
 Invoke: Berserk           |     1 |     1 |     1 ||     3
  Evoke: Wand              |     1 |       |     1 ||     2
    Use: Potion            |       |       |     1 ||     1
 Armour: Animal skin       |       |     2 |     5 ||     7
  Dodge: Dodged            |     1 |     2 |    10 ||    13

Table legend: (Time is in decaauts)
 A = Elapsed time spent in this place.
 B = Non-inter-level travel time spent in this place.
 C = Inter-level travel time spent in this place.
 D = Time resting spent in this place.
 E = Time spent auto-exploring this place.
 F = Levels seen in this place.
 G = Mean time per level.
                   A        B        C        D        E       F      G
               +--------+--------+--------+--------+--------+-----+--------+
         Total |    410 |    387 |     23 |    137 |    140 |   1 |  410.0 |
       Dungeon |    410 |    387 |     23 |    137 |    140 |   1 |  410.0 |
               +--------+--------+--------+--------+--------+-----+--------+

Top non-repeatable levels by time:
       D: 410 daAuts
